AoeStats
← BlackRefresher

Fortress

509918837Analyzed
3v3 RM · 3d ago on Sep 28, 2026· 93m 30s· 6 players
Game mode
Random Map
Map size
Large (8 player)
Population
200
Speed
Normal
Resources
Standard
Victory
Conquest
Starting age
Dark Age
Ending age
Imperial Age
RankedLock teamsTeams togetherTeam positionsShared explorationLock speedFull tech treeHidden civsTurbo modeCheats
Victory
Defeat
🇩🇪 Romans · Germany
1195
+13
🇩🇪 Danes · Germany
1187
+13
🇩🇪 Byzantines · Germany
1078
+18
🇪🇸 Spanish · Spain
1162
-16
🇨🇦 Britons · Canada
1137
-15
🇮🇹 Inca · Italy
1075
-13
Dark Sniper 0
1:52 Loom
7:34 Feudal Age
12:32 Castle Age
11:03 Double-Bit Axe
12:02 Gold Mining
17:26 Forging
17:29 Scale Mail Armor
26:16 Loom
28:00 Bow Saw
31:28 Imperial Age
32:07 Iron Casting
34:47 Chain Mail Armor
34:59 Capped Ram
36:52 Plate Mail Armor
36:54 Loom
37:18 Elite Kamayuk
40:58 Wheelbarrow
41:59 Blast Furnace
41:16 Fabric Shields
44:13 Siege Ram
51:50 Conscription
53:19 Hand Cart
jesus_novallas
9:09 Feudal Age
10:08 Double-Bit Axe
12:37 Castle Age
10:42 Horse Collar
10:56 Stone Mining
11:33 Gold Mining
16:46 Fletching
18:04 Heavy Plow
22:54 Wheelbarrow
22:04 Loom
22:05 Town Watch
22:20 Bodkin Arrow
23:30 Bloodlines
23:47 Pikeman
24:28 Squires
25:31 Husbandry
26:10 Padded Archer Armor
29:46 Imperial Age
27:35 Leather Archer Armor
28:13 Hand Cart
29:15 Forging
29:10 Scale Barding Armor
30:56 Conscription
31:13 Iron Casting
30:04 Cavalier
31:16 Chain Barding Armor
33:15 Blast Furnace
32:35 Bow Saw
33:31 Plate Barding Armor
34:22 Chemistry
33:38 Masonry
33:54 Guilds
35:51 Ballistics
36:07 Scale Mail Armor
36:48 Bracer
37:22 Chain Mail Armor
36:57 Arson
37:08 Paladin
38:25 Architecture
40:21 Town Patrol
41:51 Plate Mail Armor
41:52 Ring Archer Armor
43:35 Two-Man Saw
46:26 Caravan
46:53 Light Cavalry
50:31 Sappers
52:55 Hussar
53:57 Halberdier
59:23 Elite Skirmisher
60:09 Thumb Ring
63:49 Man-at-Arms
64:14 Gambesons
65:29 Fortified Wall
65:10 Long Swordsman
65:56 Two-Handed Swordsman
67:23 Champion
79:03 Clinker Construction
78:42 Arrowslits
78:48 Guard Tower
Serving LOVE
0:37 Loom
6:50 Feudal Age
7:26 Double-Bit Axe
7:23 Horse Collar
11:13 Wheelbarrow
10:23 Town Watch
11:02 Gold Mining
11:32 Fletching
11:42 Padded Archer Armor
15:58 Castle Age
17:13 Leather Archer Armor
16:53 Bodkin Arrow
18:04 Hand Cart
18:24 Heavy Plow
20:46 Ballistics
25:10 Yeomen
32:26 Imperial Age
32:30 Elite Longbowman
33:31 Conscription
34:14 Chemistry
40:43 Bracer
41:13 Ring Archer Armor
I got n0 skill
8:35 Feudal Age
7:02 Loom
9:06 Double-Bit Axe
15:45 Castle Age
14:44 Scale Barding Armor
16:02 Fletching
17:20 Crossbowman
22:17 Bodkin Arrow
27:59 Padded Archer Armor
30:23 Leather Archer Armor
31:25 Wheelbarrow
31:56 Elite Skirmisher
33:11 Chain Barding Armor
34:56 Husbandry
41:35 Forging
44:20 Imperial Age
43:10 Iron Casting
42:23 Horse Collar
42:45 Gold Mining
42:47 Stone Mining
44:49 Elite Cataphract
46:56 Logistica
49:11 Plate Barding Armor
55:42 Heavy Camel Rider
57:24 Light Cavalry
60:56 Caravan
66:00 Chemistry
78:21 Conscription
82:32 Bow Saw
John White
7:54 Feudal Age
9:04 Double-Bit Axe
11:35 Castle Age
9:23 Loom
9:43 Scale Mail Armor
10:23 Horse Collar
15:51 Forging
17:11 Bow Saw
18:14 Chain Mail Armor
20:52 Squires
22:13 Iron Casting
21:27 Arson
21:48 Gambesons
22:09 Fletching
23:09 Heavy Plow
27:51 Wheelbarrow
27:04 Town Watch
27:29 Bodkin Arrow
29:14 Padded Archer Armor
30:44 Leather Archer Armor
33:15 Imperial Age
31:30 Thumb Ring
30:50 Elite Skirmisher
32:45 Ballistics
35:11 Chemistry
34:13 Bracer
34:43 Ring Archer Armor
34:46 Plate Mail Armor
35:16 Blast Furnace
35:09 Hand Cart
38:55 Elite Varangian Guard
41:37 Masonry
41:34 Siege Engineers
42:17 Scale Barding Armor
42:41 Conscription
41:52 Hamask
42:40 Elite Jomsviking
44:51 Hoardings
55:03 Pikeman
66:29 Caravan
68:52 Heavy Mounted Crossbowman
68:53 Cranequins
74:30 Northmen's Fury
75:49 Onager
77:08 Siege Onager
80:22 Capped Ram
94:36 Coinage
BlackRefresher
1:13 Loom
8:46 Feudal Age
13:22 Castle Age
11:25 Double-Bit Axe
11:37 Horse Collar
13:40 Wheelbarrow
13:11 Scale Barding Armor
13:23 Gold Mining
14:09 Bloodlines
15:50 Hand Cart
21:19 Bow Saw
23:47 Chain Barding Armor
23:38 Forging
26:29 Iron Casting
26:28 Husbandry
25:49 Light Cavalry
31:13 Imperial Age
32:48 Conscription
33:11 Plate Barding Armor
33:51 Gold Shaft Mining
33:20 Heavy Plow
34:34 Blast Furnace
33:26 Fletching
33:58 Ballistics
34:39 Chemistry
34:11 Pikeman
34:52 Squires
34:54 Scale Mail Armor
34:43 Halberdier
36:01 Crop Rotation
38:42 Comitatenses
38:31 Ballistas
38:39 Bodkin Arrow
38:59 Chain Mail Armor
39:23 Town Watch
39:29 Capped Ram
40:23 Town Patrol
41:07 Siege Ram
41:53 Heavy Scorpion
46:45 Siege Engineers
46:17 Elite Skirmisher
47:12 Padded Archer Armor
49:10 Leather Archer Armor
58:42 Ring Archer Armor
60:40 Caravan
77:01 Elite Centurion
Connection lost

Rejoining the realm…

Still unreachable

The connection could not be restored.

Session expired

The server has moved on; the page needs a fresh start.